 Dungeon Crawl Stone Soup version 0.28-a0-662-g1651b1f1e0 (webtiles) character file.

Game seed: 3855118151463947500

2641 ytrimaz the Cleaver (level 9, -5/81 HPs)
             Began as a Minotaur Berserker on Oct 14, 2021.
             Was a High Priest of Trog.
             Killed from afar by an electric eel (10 damage)
             ... with a bolt of electricity
             ... on level 6 of the Dungeon.
             The game lasted 00:07:42 (7075 turns).

ytrimaz the Cleaver (Minotaur Berserker)            Turns: 7075, Time: 00:07:43

Health: -5/81      AC:  7    Str: 25    XL:     9   Next: 35%
Magic:  0/8        EV: 16    Int:  4    God:    Trog [*****.]
Gold:   133        SH:  0    Dex: 10    Spells: 8/8 levels left

rFire   . . .      SeeInvis .   v - +0 battleaxe
rCold   . . .      Faith    .   (shield currently unavailable)
rNeg    . . .      Spirit   +   h - +1 ring mail
rPois   .          Reflect  .   (helmet restricted)
rElec   .          Harm     .   (no cloak)
rCorr   .          Rampage  .   (no gloves)
Will    .....                   (no boots)
Stlth   ..........              t - amulet of guardian spirit
HPRegen 0.23/turn               c - +4 ring of evasion
MPRegen 0.11/turn               l - +4 ring of slaying

@: very slow
A: horns 2, retaliatory headbutt
a: Renounce Religion, Berserk, Trog's Hand, Brothers in Arms


You were on level 6 of the Dungeon.
You worshipped Trog.
Trog was extremely pleased with you.
You visited 2 branches of the dungeon, and saw 7 of its levels.
You also visited: Sewer.

You collected 315 gold pieces.
You spent 182 gold pieces at shops.

Inventory:

Hand Weapons
 a - a +3 hand axe
 v - a +0 battleaxe (weapon)
Armour
 h - a +1 ring mail (worn)
Jewellery
 b - a ring of ice
 c - a +4 ring of evasion (left hand)
 l - a +4 ring of slaying (right hand)
 r - a ring of positive energy
 t - an amulet of guardian spirit (around neck)
 u - a ring of poison resistance
Scrolls
 k - 3 scrolls of enchant weapon
 q - a scroll of holy word
 w - a scroll of identify
Potions
 d - a potion of lignification {unknown}
 e - 2 potions of invisibility
 f - 4 potions of curing
 g - a potion of haste {unknown}
 i - a potion of brilliance {unknown}
 j - 2 potions of might {unknown}
 m - a potion of attraction
 n - a potion of magic {unknown}
 o - 2 potions of mutation {unknown}
 p - 2 potions of flight
 s - a potion of cancellation {unknown}


   Skills:
 * Level 8.1 Fighting
 * Level 11.5 Axes
 + Level 6.5 Armour
 + Level 4.9 Dodging


You had 8 spell levels left.
You didn't know any spells.
Your spell library was empty.

Dungeon Overview and Level Annotations

Branches:
Dungeon (6/15)             Temple (1/1) D:4           Sewer (visited)

Altars:
Ashenzari
Cheibriados
Dithmenos
Elyvilon
Fedhas
Gozag
Hepliaklqana
Kikubaaqudgha
Makhleb
Nemelex Xobeh
Okawaru
Qazlal
Ru
Sif Muna
Trog
Uskayaw
Vehumet
Wu Jian
Xom
Yredelemnul
Zin
The Shining One

Shops:
D:5 [


Innate Abilities, Weirdness & Mutations

You have a pair of horns on your head.
You reflexively headbutt those who attack you in melee.


Message History

An electric eel comes into view.
The electric eel shoots out a bolt of lightning at you!
The bolt of electricity hits you!
An electric eel is nearby!
An electric eel is nearby!
An electric eel is nearby!
The electric eel shoots out a bolt of lightning at you!
The bolt of electricity hits you!
The electric eel shoots out a bolt of lightning at you!
The bolt of electricity hits you.
The electric eel shoots out a bolt of lightning at you!
The bolt of electricity hits you!
The electric eel shoots out a bolt of lightning at you!
The bolt of electricity hits you!
You enter the shallow water.
Moving in this stuff is going to be slow.
The electric eel shoots out a bolt of lightning at you!
The bolt of electricity hits you! The bolt of electricity misses you.
The bolt of electricity hits the electric eel.
The electric eel completely resists.
Your unstable footing causes you to fumble your attack.
The electric eel shoots out a bolt of lightning at you!
The bolt of electricity misses you. The bolt of electricity hits you!
The bolt of electricity hits the electric eel.
The electric eel completely resists.
You slash the electric eel!
The electric eel is severely wounded.
The electric eel shoots out a bolt of lightning at you!
The bolt of electricity hits you!
* * * LOW HITPOINT WARNING * * *
The bolt of electricity hits you!
* * * LOW HITPOINT WARNING * * *
The bolt of electricity hits the electric eel.
The electric eel completely resists.
You feel better.
The electric eel shoots out a bolt of lightning at you!
The bolt of electricity hits you!
* * * LOW HITPOINT WARNING * * *
The bolt of electricity hits you!
You die...

#.≈≈≈≈.#...........≈≈≈
#.≈≈≈≈.#..............
#.≈≈≈≈.####...........
#.≈≈≈≈.#.##...##......
#.≈≈≈≈.#..#...#.......
#.≈≈≈≈.#.#....##......
#.≈≈≈≈.####..###......
#.≈≈≈≈.#.....# ##.....
#.≈≈S@.#.##### ###....
#.≈≈≈≈.#.# ##.##...
#.≈≈≈≈.#.# #.......
#.≈≈≈≈.#.# #......<
#......#.# ##....#.
####+###.# #.....##
..# ##..#### ### ##.#
# ###


You could see an electric eel.

Vanquished Creatures
  Sigmund (D:4)
  A sky beast (D:5)
  2 black bears
  A necrophage (D:6)
  A centaur (D:5)
  4 ogres
  4 phantoms
  2 kobold brigands
  2 bullfrogs
  A scorpion (D:4)
  5 wights (D:6)
  2 howler monkeys
  A centaur zombie (D:3)
  2 jellies (D:6)
  3 hounds
  A gnoll shaman (D:6)
  3 orc priests (D:5)
  3 iguanas (D:4)
  4 orc wizards (D:5)
  A hound skeleton (D:4)
  13 adders
  3 gnolls (D:6)
  A howler monkey skeleton (D:5)
  2 river rats (Sewer)
  2 ufetubi
  A worm (D:4)
  4 dart slugs
  13 orcs
  11 ball pythons
  3 bats
  7 endoplasms
  3 giant cockroaches
  5 goblins
  6 hobgoblins
  16 jackals
  4 quokkas
  14 kobolds
  28 rats
180 creatures vanquished.

Vanquished Creatures (others)
  6 plants
6 creatures vanquished.

Grand Total: 186 creatures vanquished

Notes
Turn   | Place    | Note
-------+----------+-------------------------------------------
     0 | D:1      | ytrimaz the Minotaur Berserker began the quest for the Orb.
     0 | D:1      | Reached XP level 1. HP: 19/19 MP: 0/0
   217 | D:1      | Reached XP level 2. HP: 27/27 MP: 1/1
   387 | D:1      | Found a faded altar of an unknown god.
   442 | D:1      | Reached skill level 4 in Axes
  1124 | D:2      | Reached XP level 3. HP: 19/34 MP: 2/2
  1333 | D:2      | Reached ** piety under Trog
  1672 | D:2      | You fall into a shaft and drop 1 floor!
  1682 | D:3      | Reached XP level 4. HP: 36/41 MP: 3/3
  2158 | D:2      | Reached skill level 5 in Fighting
  2604 | D:3      | Reached skill level 5 in Axes
  2604 | D:3      | Reached XP level 5. HP: 41/48 MP: 4/4
  3317 | D:4      | Found a glowing drain.
  3323 | D:4      | Reached *** piety under Trog
  3340 | Sewer    | Entered a sewer
  3399 | Sewer    | Reached XP level 6. HP: 38/56 MP: 5/5
  3525 | Sewer    | Found a white marble altar of Elyvilon.
  3752 | D:4      | Reached skill level 6 in Axes
  4028 | D:4      | Found a staircase to the Ecumenical Temple.
  4068 | Temple   | Entered the Ecumenical Temple
  4341 | D:4      | Reached skill level 7 in Axes
  4341 | D:4      | Reached XP level 7. HP: 37/62 MP: 6/6
  4662 | D:4      | Found a faded altar of an unknown god.
  4662 | D:4      | Found a faded altar of an unknown god.
  4662 | D:4      | Found a faded altar of an unknown god.
  4664 | D:4      | Found a hazy altar of Hepliaklqana.
  4757 | D:4      | Noticed Sigmund
  4763 | D:4      | Killed Sigmund
  4764 | D:4      | Reached skill level 8 in Axes
  4764 | D:4      | Reached skill level 5 in Armour
  4842 | D:4      | Reached **** piety under Trog
  5200 | D:5      | Entered Level 5 of the Dungeon
  5212 | D:5      | Reached XP level 8. HP: 67/71 MP: 4/7
  5220 | D:5      | Reached skill level 9 in Axes
  5740 | D:5      | Reached skill level 10 in Axes
  5990 | D:5      | Found Ydoz's Antique Armour Emporium.
  5999 | D:5      | Bought an ichor-stained leather armour for 182 gold pieces
  5999 | D:5      | Identified the +2 leather armour of Complete Protection
                  | {rElec} (You bought it in a shop on level 5 of the Dungeon)
  6457 | D:6      | Reached XP level 9. HP: 64/79 MP: 4/8
  6581 | D:6      | Reached skill level 11 in Axes
  6873 | D:6      | Reached ***** piety under Trog
  7075 | D:6      | Killed from afar by an electric eel

Illustrated notes

Levels and vault maps discovered:
D:1:      psy_arrival_terrarium, layout_loops_corners,
          shapermc_ecumenical_altar_rom_forum
D:2:      layout_basic, minmay_rat_hole
D:3:      layout_basic, chequers_serial_rivers_micro_d
D:4:      layout_basic, nicolae_hepliaklqana_ecumenical_no_more,
          minmay_temple_entry_drinking_statues, portal_sewer_entry_b,
          minmay_starry_boxes, uniq_sigmund
D:5:      layout_loops_cross, serial_shops, shop
D:6:      layout_cave_pools, nicolae_lava_and_water, nrook_pool_corridor,
          kennysheep_big_empty_room
Temple:   regret_index_temple_sigil_plot

Skill      XL: |  1  2  3  4  5  6  7  8  9 |
---------------+----------------------------+-----
Fighting       | 4 5 6 7 8 |  8.1
Axes           | 4 5 7 8 10 11 | 11.5
Armour         | 3 4 5 6 |  6.5
Dodging        | 3 4 |  4.9

Action                   |  1- 3 |  4- 6 |  7- 9 || total
-------------------------+-------+-------+-------++-------
Melee: Hand axe          |    85 |   105 |   145 ||   335
       Headbutt          |    12 |    26 |    39 ||    77
       Battleaxe         |       |       |    13 ||    13
Invok: Berserk           |       |       |     2 ||     2
  Use: Scroll            |     2 |     3 |     2 ||     7
       Potion            |       |       |     1 ||     1
 Stab: Sleeping          |     1 |       |       ||     1
Armor: Animal skin       |     5 |       |       ||     5
       Ring mail         |    24 |    46 |    45 ||   115
Dodge: Dodged            |    51 |    92 |   140 ||   283

Table legend: (Time is in decaauts)
 A = Elapsed time spent in this place.
 B = Non-inter-level travel time spent in this place.
 C = Inter-level travel time spent in this place.
 D = Time resting spent in this place.
 E = Time spent auto-exploring this place.
 F = Levels seen in this place.
 G = Mean time per level.
                   A        B        C        D        E       F      G
               +--------+--------+--------+--------+--------+-----+--------+
         Total |   7126 |   6919 |    207 |    217 |   5442 |   8 |  890.8 |
       Dungeon |   6549 |   6364 |    185 |    217 |   5034 |   6 | 1091.5 |
        Temple |    243 |    221 |     22 |      0 |    203 |   1 |  243.0 |
         Sewer |    333 |    333 |      0 |      0 |    205 |   1 |  333.0 |
               +--------+--------+--------+--------+--------+-----+--------+

Top non-repeatable levels by time:
     D:4: 1425 daAuts
     D:5: 1228 daAuts
     D:2: 1145 daAuts
     D:3: 1075 daAuts
     D:1: 1040 daAuts
     D:6: 634 daAuts
   Sewer: 333 daAuts
  Temple: 243 daAuts
